AoeStats
← octaca01

Arabia

507617536Analyzed
1v1 RM · 15d ago on Sep 19, 2026· 40m 32s· 2 players
Game mode
Random Map
Map size
Tiny (2 player)
Population
200
Speed
Normal
Resources
Standard
Victory
Conquest
Starting age
Dark Age
Ending age
Imperial Age
RankedLock teamsTeams togetherTeam positionsShared explorationLock speedFull tech treeHidden civsTurbo modeCheats
Victory
Defeat
🇦🇷 Japanese · Argentina
662
+14
🇲🇽 Magyars · Mexico
620
-14
Vooodowar
6:49 Loom
11:27 Feudal Age
18:23 Fletching
24:31 Padded Archer Armor
32:46 Scale Barding Armor
38:26 Bloodlines
41:54 Castle Age
octaca01
9:26 Loom
12:02 Feudal Age
13:05 Man-at-Arms
14:43 Forging
15:41 Horse Collar
19:47 Arson
20:37 Scale Mail Armor
25:34 Padded Archer Armor
25:53 Gold Mining
26:46 Wheelbarrow
32:15 Fletching
36:59 Castle Age
34:57 Double-Bit Axe
39:08 Leather Archer Armor
Connection lost

Rejoining the realm…

Still unreachable

The connection could not be restored.

Session expired

The server has moved on; the page needs a fresh start.